 Dungeon Crawl Stone Soup version 0.28-a0-2-g643f2454ad (webtiles) character file.

Game seed: 14935910079409867180

5819 Demosthentine the Spear-Bearer (level 10, -2/82 HPs)
             Began as a Merfolk Gladiator on July 22, 2021.
             Was a Believer of the Shining One.
             Slain by an eight-headed hydra (11 damage)
             ... on level 8 of the Dungeon on July 23, 2021.
             The game lasted 00:11:29 (10090 turns).

Demosthentine the Spear-Bearer (Merfolk Gladiator) Turns: 10090, Time: 00:11:30

Health: -2/82      AC:  9    Str: 16    XL:     10   Next: 80%
Magic:  12/12      EV: 18    Int:  8    God:    the Shining One [**....]
Gold:   442        SH:  5    Dex: 17    Spells: 9/9 levels left

rFire   + . .      SeeInvis +   a - +1 trident
rCold   . . .      Faith    .   (no shield)
rNeg    + . .      Spirit   .   q - +0 leather armour {rF+}
rPois   .          Reflect  +   c - +1 helmet
rElec   .          Harm     .   p - +0 cloak
rCorr   .          Rampage  .   s - +0 pair of gloves
Will    .....                   n - +0 pair of boots
Stlth   +.........              r - amulet of reflection
HPRegen 0.23/turn               l - ring of see invisible
MPRegen 0.13/turn               (no ring)

@: glowing
A: (nimble swimmer 2), mertail
a: Renounce Religion, Divine Shield


You were on level 8 of the Dungeon.
You worshipped the Shining One.
The Shining One was pleased with you.
You visited 2 branches of the dungeon, and saw 9 of its levels.

You collected 442 gold pieces.

Inventory:

Hand Weapons
 a - a +1 trident (weapon)
Missiles
 d - 2 throwing nets (quivered)
 t - a curare-tipped dart
Armour
 c - a +1 helmet (worn)
 n - a +0 pair of boots (worn)
 p - a +0 cloak (worn)
 q - a +0 leather armour of fire resistance (worn)
 s - a +0 pair of gloves (worn)
 A - a +0 buckler
Jewellery
 l - a ring of see invisible (left hand)
 r - an amulet of reflection (around neck)
 y - a ring of poison resistance
Wands
 u - a wand of paralysis (8)
 x - a wand of acid (4)
 z - a wand of iceblast (8)
Scrolls
 e - a scroll of enchant weapon
 f - 5 scrolls of teleportation
 g - 3 scrolls of enchant armour
 h - a scroll of magic mapping
 m - a scroll of blinking
 o - a scroll of immolation
 w - 2 scrolls of identify
Potions
 b - a potion of heal wounds
 i - a potion of magic
 j - a potion of resistance
 k - a potion of haste
 v - 3 potions of curing


   Skills:
 + Level 8.9 Fighting
 + Level 11.8 Polearms
 - Level 2.0 Throwing
 - Level 5.5 Armour
 + Level 10.9 Dodging
 + Level 1.7 Shields
 + Level 2.7 Invocations


You had 9 spell levels left.
You didn't know any spells.
Your spell library contained the following spells:

 Spells                   Type           Power      Damage    Failure   Level
 Freeze                   Ice            0%         1d3       45%         1
 Blink                    Tloc           N/A        N/A       61%         2
 Frozen Ramparts          Ice            0%         1d2       83%         3
 Lesser Beckoning         Tloc           0%         N/A       83%         3
 Ozocubu's Armour         Ice            0%         N/A       83%         3
 Stone Arrow              Conj/Erth      0%         3d7       83%         3
 Animate Armour           Summ/Erth      0%         N/A       99%         4
 Animate Dead             Necr           0%         N/A       99%         4
 Hailstorm                Conj/Ice       0%         3d3       99%         4
 Summon Lightning Spire   Summ/Air       0%         N/A       99%         4
 Manifold Assault         Tloc           0%         N/A       100%        5
 Conjure Ball Lightning   Conj/Air       0%         3x3d6     100%        6
 Haunt                    Necr/Summ      0%         N/A       100%        7
 Ozocubu's Refrigeration  Ice            0%         4d5       100%        7
 Storm Form               Tmut/Air       0%         N/A       100%        7
 Discord                  Hex            0%         N/A       100%        8
 Disjunction              Tloc           0%         N/A       100%        8
 Infestation              Necr           0%         N/A       100%        8
 Lehudib's Crystal Spear  Conj/Erth      0%         10d2      100%        8
 Maxwell's Capacitive Co  Air            0%         ∞         100%        8


Dungeon Overview and Level Annotations

Branches:
Dungeon (8/15)             Temple (1/1) D:4            Lair (0/6) D:8

Altars:
Ashenzari
Cheibriados
Dithmenos
Elyvilon
Fedhas
Gozag
Hepliaklqana
Kikubaaqudgha
Makhleb
Okawaru
Qazlal
Sif Muna
Trog
Vehumet
Wu Jian
Xom
Yredelemnul
Zin
The Shining One

Shops:
D:1 (![:


Innate Abilities, Weirdness & Mutations

((You are quick and stealthy near water. (Stealth+, EV+, Speed+++)))
Your lower body shifts to a powerful aquatic tail in water.


Message History

The eight-headed hydra misses you.
The eight-headed hydra bites you but does no damage.
You hit the eight-headed hydra.
The eight-headed hydra is moderately wounded.
The eight-headed hydra closely misses you.
You block the eight-headed hydra's attack.
The eight-headed hydra misses you. x2; The eight-headed hydra bites you!
The eight-headed hydra closely misses you.
The eight-headed hydra completely misses you.
You block the eight-headed hydra's attack.
You hit the eight-headed hydra.
The eight-headed hydra is moderately wounded.
Unknown command.
You hit the eight-headed hydra.
The eight-headed hydra is moderately wounded.
The eight-headed hydra bites you! x2
The eight-headed hydra completely misses you.
You block the eight-headed hydra's attack.
The eight-headed hydra misses you. The eight-headed hydra bites you.
* * * LOW HITPOINT WARNING * * *
The eight-headed hydra completely misses you.
The eight-headed hydra bites you!
* * * LOW HITPOINT WARNING * * *
You are too injured to fight recklessly!
Unknown command.
You are too injured to fight recklessly!
Unknown command.
You are too injured to fight recklessly!
Throw: 3 throwing nets
Press: ? - help, Q - select action, (/) - cycle Shift-Dir - straight line, f/p - eight-headed hydra
Aim: an eight-headed hydra (moderately wounded, haloed, 97% to hit)
You throw a throwing net.
The throwing net completely misses the eight-headed hydra.
The eight-headed hydra closely misses you.
The eight-headed hydra bites you.
* * * LOW HITPOINT WARNING * * *
The eight-headed hydra misses you.
The eight-headed hydra closely misses you.
The eight-headed hydra bites you!
You die...

##### #.(.# +...#
... ##+###D##
#(.[#.@.# #)..#...#
#(.(#...#
##########'##
#...#...#...#
#...'.).'...#
#...#...#...#
..##########'#######
...................#


You could see an eight-headed hydra.

Vanquished Creatures
  Harold (D:7)
  The ghost of IdlyInterested the Covered, a novice DsGl (D:5)
  A black mamba (shapeshifter) (D:8)
  Maggie (D:7)
  An unseen horror (D:8)
  A hornet (D:8)
  Sigmund (D:2)
  A wraith (D:8)
  A wyvern (D:7)
  A vampire mosquito (D:8)
  A steam dragon (D:7)
  3 wargs (D:7)
  Duvessa (D:7)
  2 sky beasts (D:7)
  3 black bears
  An ice beast (D:6)
  2 ogres
  A centaur (D:8)
  3 kobold brigands
  2 gnoll sergeants
  A bullfrog (D:6)
  Dowan (D:7)
  3 scorpions
  2 bullfrog zombies
  2 centaur zombies
  7 orc priests
  2 jellies
  A water moccasin simulacrum (D:5)
  3 hounds
  Crazy Yiuf (D:4)
  2 iguanas
  6 orc wizards
  A killer bee zombie (D:7)
  A centaur simulacrum (D:5)
  A scorpion simulacrum (D:5)
  2 howler monkey zombies
  4 adders
  16 gnolls
  A howler monkey skeleton (D:7)
  A shadow imp (D:6)
  3 worms
  2 dart slugs
  24 orcs
  A ball python (D:4)
  7 endoplasms
  3 giant cockroaches
  10 goblins
  9 hobgoblins
  6 jackals
  A quokka (D:5)
  6 bats
  6 frilled lizards
  21 kobolds
  3 rats
189 creatures vanquished.

Vanquished Creatures (collateral kills)
  An ice beast (D:5)
  A water moccasin simulacrum (D:5)
  A hound simulacrum (D:5)
  A white imp (D:5)
4 creatures vanquished.

Grand Total: 193 creatures vanquished

Notes
Turn   | Place    | Note
-------+----------+-------------------------------------------
     0 | D:1      | Demosthentine the Merfolk Gladiator began the quest for the
                  | Orb.
     0 | D:1      | Reached XP level 1. HP: 16/16 MP: 1/1
    60 | D:1      | Found a faded altar of an unknown god.
    85 | D:1      | Found Kuofifie's Book Shop.
   115 | D:1      | Reached XP level 2. HP: 23/23 MP: 2/2
   371 | D:1      | Found Semusmit's Distillery.
   630 | D:1      | Found Tyuw's Armour Boutique.
   688 | D:1      | Reached XP level 3. HP: 18/28 MP: 3/3
   821 | D:1      | Found Mewun's Weapon Shop.
  1200 | D:2      | Reached skill level 5 in Polearms
  1488 | D:2      | Reached skill level 1 in Armour
  1631 | D:2      | Noticed Sigmund
  1673 | D:2      | HP: 1/28 [Sigmund/magic dart (7)]
  2052 | D:2      | Killed Sigmund
  2053 | D:2      | Reached skill level 6 in Polearms
  2053 | D:2      | Reached skill level 5 in Dodging
  2053 | D:2      | Reached XP level 4. HP: 14/37 MP: 4/4
  2053 | D:2      | Reached XP level 5. HP: 15/42 MP: 5/5
  2769 | D:3      | Reached XP level 6. HP: 41/48 MP: 6/6
  3584 | D:3      | Reached XP level 7. HP: 19/54 MP: 7/7
  4255 | D:3      | Reached skill level 7 in Polearms
  4399 | D:4      | Found a basalt altar of Yredelemnul.
  4835 | D:4      | Found a staircase to the Ecumenical Temple.
  4926 | D:4      | Found a runed translucent door.
  4927 | D:4      | Noticed Crazy Yiuf
  5094 | D:4      | Killed Crazy Yiuf
  5171 | Temple   | Entered the Ecumenical Temple
  5284 | Temple   | Became a worshipper of the Shining One
  5343 | D:5      | Entered Level 5 of the Dungeon
  5376 | D:5      | Reached skill level 5 in Fighting
  5482 | D:5      | Reached XP level 8. HP: 35/62 MP: 8/8
  6081 | D:5      | Reached skill level 8 in Polearms
  6267 | D:5      | Noticed IdlyInterested's ghost (novice DsGl)
  6291 | D:5      | Found a runed translucent gate.
  6291 | D:5      | Found a runed translucent gate.
  6291 | D:5      | Found a runed translucent gate.
  6468 | D:5      | Reached * piety under the Shining One
  6693 | D:5      | Killed IdlyInterested's ghost
  6694 | D:5      | Reached skill level 9 in Polearms
  6694 | D:5      | Reached XP level 9. HP: 58/71 MP: 9/9
  7573 | D:7      | Noticed Duvessa
  7573 | D:7      | Noticed Dowan
  7595 | D:7      | Killed Duvessa
  7612 | D:7      | Reached skill level 10 in Polearms
  7642 | D:7      | Killed Dowan
  8174 | D:7      | Reached skill level 5 in Armour
  8194 | D:7      | Noticed Harold
  8226 | D:7      | Killed Harold
  8227 | D:7      | Reached skill level 11 in Polearms
  8227 | D:7      | Reached skill level 10 in Dodging
  8227 | D:7      | Reached XP level 10. HP: 31/80 MP: 10/10
  8624 | D:7      | Reached ** piety under the Shining One
  8681 | D:7      | Noticed Maggie
  8701 | D:7      | Killed Maggie
  9171 | D:8      | Found a staircase to the Lair.
  9202 | D:7      | Reached skill level 1 in Invocations
  9668 | D:8      | Noticed an unseen horror
  9679 | D:8      | Killed an unseen horror
  9723 | D:8      | Reached skill level 1 in Shields
  9787 | D:8      | Found the +12 glaive of Prune {vorpal}
  9832 | D:8      | Noticed a four-headed hydra
  9836 | D:8      | Noticed a black mamba
  9842 | D:8      | Killed a black mamba
 10082 | D:8      | Noticed an eight-headed hydra
 10090 | D:8      | Slain by an eight-headed hydra

Illustrated notes

Levels and vault maps discovered:
D:1:      evilmike_arrival_plus, layout_loops_corners,
          shapermc_ecumenical_altar_venn, serial_shops, shop, shop,
          nicolae_shop_trees, nicolae_square_shop, minmay_pentomino_x2
D:2:      layout_basic, minmay_stone_trees_medium, grunt_ministairs_10,
          kennysheep_generic_room_3, uniq_sigmund
D:3:      layout_basic
D:4:      layout_rooms, mainiacjoe_overflow_cross_hatched,
          lemuel_temple_firewalk_b, minivault_4, uniq_crazy_yiuf_cottage
D:5:      layout_basic, gammafunk_ghost_icy, kennysheep_small_circle
D:6:      layout_rooms
D:7:      layout_loops_ring, uniq_duvessa, uniq_harold, uniq_maggie
D:8:      layout_gridville, gammafunk_temple_overflow_claw,
          erik_lair_orcish_takeover, minmay_evil_grid
Temple:   hc_temple_tempest_star

Skill      XL: |  1  2  3  4  5  6  7  8  9 10 |
---------------+-------------------------------+-----
Polearms       | 6 7 9 11 | 11.8
Armour         | 1 2 3 4 5 |  5.5
Fighting       | 3 4 5 6 8 |  8.9
Dodging        | 5 6 7 8 10 | 10.9
Invocations    | 2 |  2.7
Shields        | 1 |  1.7
Throwing       | |  2.0

Action                   |  1- 3 |  4- 6 |  7- 9 | 10-12 || total
-------------------------+-------+-------+-------+-------++-------
Melee: Trident           |   106 |   109 |   479 |   156 ||   850
Throw: Throwing net      |     1 |       |     3 |     1 ||     5
  Use: Scroll            |     3 |     2 |    10 |       ||    15
       Potion            |     2 |       |     2 |       ||     4
 Stab: Sleeping          |     2 |     2 |       |       ||     4
       Held in net/web   |     1 |       |     1 |       ||     2
Armor: Leather armour    |    28 |    21 |    90 |    29 ||   168
Dodge: Dodged            |    54 |    46 |   228 |   106 ||   434
Block: Other             |       |       |    17 |    23 ||    40
       Reflection        |       |       |       |     1 ||     1

Table legend: (Time is in decaauts)
 A = Elapsed time spent in this place.
 B = Non-inter-level travel time spent in this place.
 C = Inter-level travel time spent in this place.
 D = Time resting spent in this place.
 E = Time spent auto-exploring this place.
 F = Levels seen in this place.
 G = Mean time per level.
                   A        B        C        D        E       F      G
               +--------+--------+--------+--------+--------+-----+--------+
         Total |  10002 |   9759 |    243 |    274 |   8022 |   9 | 1111.3 |
       Dungeon |   9879 |   9636 |    243 |    274 |   7928 |   8 | 1234.9 |
        Temple |    122 |    122 |      0 |      0 |     94 |   1 |  122.0 |
               +--------+--------+--------+--------+--------+-----+--------+

Top non-repeatable levels by time:
     D:7: 1776 daAuts
     D:3: 1609 daAuts
     D:5: 1421 daAuts
     D:1: 1403 daAuts
     D:2: 1342 daAuts
     D:4: 863 daAuts
     D:6: 782 daAuts
     D:8: 680 daAuts
  Temple: 122 daAuts
